 Dungeon Crawl Stone Soup version 0.22-a0-567-gff9aefc (webtiles) character file.

27 Alabard the Ruffian (level 2, -3/24 HPs)
             Began as a Draconian Transmuter on June 29, 2018.
             Slain by a hobgoblin (4 damage)
             ... on level 1 of the Dungeon.
             The game lasted 00:02:26 (1476 turns).

Alabard the Ruffian (Draconian Transmuter)          Turns: 1476, Time: 00:02:26

Health: -3/24      AC:  4    Str: 12    XL:     2   Next: 93%
Magic:  5/5        EV: 12    Int: 13    God:
Gold:   72         SH:  0    Dex: 11    Spells: 4/5 levels left

rFire    . . .     SeeInvis .     - Unarmed
rCold    . . .     Gourm    .   (no shield)
rNeg     . . .     Faith    .   (armour unavailable)
rPois    .         Spirit   .   (helmet restricted)
rElec    .         Reflect  .   (no cloak)
rCorr    .         Harm     .   (no gloves)
MR       .....                  (no boots)
Stlth    +.........             (no amulet)
HPRegen  0.08/turn              (no ring)
MPRegen  0.09/turn              (no ring)

@: no status effects
A: unfitting armour, cold-blooded, AC +4
a: no special abilities


You were on level 1 of the Dungeon.
You were not hungry.

You visited 1 branch of the dungeon, and saw 2 of its levels.

You collected 72 gold pieces.

Inventory:

Missiles
 a - 31 arrows
Jewellery
 g - a cursed amulet of inaccuracy {unknown}
Scrolls
 d - a scroll of remove curse {unknown}
 e - a scroll of blinking {unknown}
 f - a scroll of identify {unknown}
Potions
 b - 2 potions of invisibility {unknown}
Comestibles
 c - 3 rations


   Skills:
 + Level 1.8 Fighting
 + Level 2.2 Dodging
 - Level 3.0 Unarmed Combat
 + Level 2.3 Spellcasting
 + Level 2.4 Transmutations


You had 4 spell levels left.
You knew the following spells:

 Your Spells              Type           Power        Failure   Level  Hunger
a - Beastly Appendage     Tmut           #.....       10%         1    #......

Your spell library contained the following spells:

 Spells                   Type           Power        Failure   Level  Hunger
 Spider Form              Tmut/Pois      #.........   41%         3    ###....
 Blade Hands              Tmut           #.........   95%         5    ######.
 Ice Form                 Ice/Tmut       #.......     83%         4    #####..
 Sticks to Snakes         Tmut           #.......     14%         2    ###....


Dungeon Overview and Level Annotations

Branches:
Dungeon (2/15)

Altars:


Innate Abilities, Weirdness & Mutations

Your plain brown scales are hard. (AC +4)
You cannot fit into any form of body armour.
You are cold-blooded and may be slowed by cold attacks.


Message History

You are too injured to fight recklessly!
You are too injured to fight recklessly!
The hobgoblin barely misses you. The ooze hits you.
Your transformation is almost over.
The iguana closely misses you.
The hobgoblin hits you but does no damage.
The ooze hits you.
* * * LOW HITPOINT WARNING * * *
The hobgoblin hits you but does no damage.
The ooze closely misses you.
There is a stone staircase leading up here.
The hobgoblin closely misses you. The kobold hits you with a whip.
* * * LOW HITPOINT WARNING * * *
The ooze hits you.
* * * LOW HITPOINT WARNING * * *
You climb upwards.
Your talons disappear.
There is a stone staircase leading down here.
You hit the hobgoblin but do no damage. The hobgoblin hits you.
You die...

#.#.....#####
#...........#
##.####.###.# #.#
#.# #.# #.# #.# #.#
#.# #.# #.# ### #.#
#.###.##########..
#.#
#J.#..........##.#
#.#
#@.....)#####.##.#
#.#
#gK......####.##.#
#.#
#.............##.#
#.#
##........###..##.#
#.###........##
#.....#
#.....#.....##
#......
#####...##.##
#.#.### ##.###.#
#.#.# #.# #.# #.#.#


You could see an ooze, a hobgoblin and a kobold.

Vanquished Creatures
  A dart slug (D:1)
  A leopard gecko (D:2)
  2 giant cockroaches (D:1)
  5 goblins
  2 hobgoblins (D:1)
  A bat (D:1)
  7 frilled lizards
  2 kobolds (D:1)
  4 rats (D:1)
25 creatures vanquished.

Notes
Turn   | Place    | Note
-------+----------+-------------------------------------------
     0 | D:1      | Alabard the Draconian Transmuter began the quest for the Orb.
     0 | D:1      | Reached XP level 1. HP: 16/16 MP: 3/3
   398 | D:1      | Reached XP level 2. HP: 16/23 MP: 5/5
  1474 | D:2      | HP: 1/24 [ooze (1)]
  1476 | D:1      | Slain by a hobgoblin

Vault maps used:
D:1:      lemuel_arrival_behind_the_door_small
D:2:      minitemple, first_ration, hangedman_ru_absence, uniq_jessica

Skill      XL: |  1 |
---------------+----+-----
Dodging        | 2 |  2.2
Fighting       | |  1.8
Unarmed Combat | |  3.0
Spellcasting   | |  2.3
Transmutations | |  2.4

Action                   || total
-------------------------++-------
Melee: Unarmed           ||    91
       Headbutt          ||     3
       Tailslap          ||     5
       Kick              ||     5
 Cast: Beastly Appendage ||    15
  Eat: Chunk             ||     2
Armor: Skin              ||    24
Dodge: Dodged            ||    71

Table legend:
 A = Spawn XP
 B = Non-spawn XP
 C = Spawn XP percentage of total XP
 D = Spawn monster count
 E = Non-spawn monster count
 F = Spawn count percentage of total count
 G = Total turns spent on level
                    A         B        C        D         E        F      G
               +---------+---------+-------+---------+---------+-------+---------
         Total |       0 |      39 |   0.0 |       0 |      25 |   0.0 |  1476
               +---------+---------+-------+---------+---------+-------+---------
           D:1 |       0 |      33 |   0.0 |       0 |      22 |   0.0 |  1322
           D:2 |       0 |       6 |   0.0 |       0 |       3 |   0.0 |   154
               +---------+---------+-------+---------+---------+-------+---------
